[Event "ICC tourney 2556 (25 5)"]
[Site "Internet Chess Club"]
[Date "2021.05.09"]
[Round "5"]
[White "SI YUAN SHEN, DANIEL:K05-30129382"]
[Black "ZHANG, SARAH:K05-16865540"]
[Result "0-1"]
[ICCResult "White resigns"]
[WhiteElo "791"]
[BlackElo "1087"]
[Opening "Three knights game"]
[ECO "C46"]
[NIC "KP.06"]
[Time "11:33:15"]
[PlyCount "98"]
[TimeControl "1500+5"]

1. e4 e5 2. Nf3 Nc6 3. Nc3 Bc5 4. d3 h6 5. Qe2 Nf6 6. Be3 Bb6 7. Bxb6 axb6
8. Qd2 d6 9. d4 exd4 10. Nxd4 O-O 11. Nxc6 bxc6 12. Bd3 Be6 13. O-O Re8 14.
Rfe1 Nd7 15. Ne2 Nc5 16. Nf4 Nxd3 17. Nxe6 fxe6 18. Qxd3 Rf8 19. Kh1 Rxf2
20. Rf1 Rf8 21. Rxf8+ Qxf8 22. Rf1 Qe8 23. a3 c5 24. c4 Qe7 25. Qc3 Rf8 26.
Rxf8+ Kxf8 27. e5 Kf7 28. Qf3+ Kg8 29. Qa8+ Qf8 30. Qxf8+ Kxf8 31. exd6
cxd6 32. Kg1 Kf7 33. Kf2 Kf6 34. Ke3 Ke5 35. b4 cxb4 36. axb4 g5 37. g4 d5
38. Kd3 Kd6 39. h3 e5 40. cxd5 Kxd5 41. Kc3 b5 42. Kd3 e4+ 43. Ke3 Ke5 44.
Ke2 Kd4 45. Kf2 Kd3 46. Ke1 Ke3 47. Kd1 Kf2 48. Kd2 e3+ 49. Kd1 e2+ { White
resigns } 0-1

[Event "ICC tourney 2556 (25 5)"]
[Site "Internet Chess Club"]
[Date "2021.05.09"]
[Round "5"]
[White "LEUNG, DOMINIC:K05-17346830"]
[Black "LINGISHETTY, ISHAAN:K05-16449486"]
[Result "0-1"]
[ICCResult "White checkmated"]
[WhiteElo "648"]
[BlackElo "1019"]
[Opening "Sicilian defense"]
[ECO "B20"]
[NIC "SI.48"]
[Time "11:31:15"]
[PlyCount "48"]
[TimeControl "1500+5"]

1. e4 c5 2. Bc4 Nc6 3. Nf3 d6 4. Nc3 Nf6 5. d3 e6 6. Be3 Be7 7. O-O O-O 8.
Bf4 d5 9. exd5 exd5 10. Bb3 Bg4 11. h3 Bh5 12. g4 Bg6 13. Bg3 h6 14. Re1
Re8 15. a3 Qd7 16. Qd2 h5 17. gxh5 Bxh5 18. Kg2 Bxf3+ 19. Kxf3 Qxh3 20. Rh1
Nd4+ 21. Ke3 Bd6+ 22. Ne4 Qe6 23. Bxd6 Qxd6 24. Rh2 Ng4# { White checkmated
} 0-1

[Event "ICC tourney 2556 (25 5)"]
[Site "Internet Chess Club"]
[Date "2021.05.09"]
[Round "5"]
[White "HOJA, SABRINA:K05-16995856"]
[Black "TAITT, ANAIYA:K05-16452296"]
[Result "1-0"]
[ICCResult "Black checkmated"]
[WhiteElo "924"]
[BlackElo "443"]
[Opening "Queen's pawn: Charlick (Englund) gambit"]
[ECO "A40"]
[NIC "QO.17"]
[Time "11:30:58"]
[PlyCount "49"]
[TimeControl "1500+5"]

1. d4 e5 2. dxe5 Nc6 3. Nf3 Bb4+ 4. Bd2 Bc5 5. Nc3 Nxe5 6. Nxe5 Qf6 7. Nf3
Nh6 8. Bg5 Qg6 9. Qd5 b6 10. Qxa8 O-O 11. Qe4 d5 12. Qxg6 fxg6 13. e3 d4
14. Nxd4 Ng4 15. Bc4+ Kh8 16. O-O Bb7 17. h3 Bd6 18. hxg4 Re8 19. Ndb5 Re5
20. Bf4 Rh5 21. gxh5 gxh5 22. Rad1 g5 23. Bxg5 h4 24. Nxd6 h3 25. Bf6# {
Black checkmated } 1-0

[Event "ICC tourney 2556 (25 5)"]
[Site "Internet Chess Club"]
[Date "2021.05.09"]
[Round "5"]
[White "ENRIQUEZ, EULALIO:K05-16621387"]
[Black "CARPENTER, CHARLES:K05-30129267"]
[Result "1-0"]
[ICCResult "Black checkmated"]
[WhiteElo "1071"]
[BlackElo "490"]
[Opening "Scotch game"]
[ECO "C45"]
[NIC "SO.04"]
[Time "11:31:31"]
[PlyCount "39"]
[TimeControl "1500+5"]

1. e4 e5 2. Nf3 Nc6 3. d4 exd4 4. Nxd4 Nxd4 5. Qxd4 Nf6 6. Nc3 Bd6 7. e5
Qe7 8. Bf4 c5 9. Qe3 Ng4 10. Qg3 Bxe5 11. Bxe5 Nxe5 12. Qxg7 Rf8 13. Qxh7
Nd3+ 14. Kd2 Nxf2 15. Re1 Ne4+ 16. Rxe4 Kd8 17. Rxe7 Kxe7 18. Qh4+ Ke8 19.
Ba6 bxa6 20. Re1# { Black checkmated } 1-0

[Event "ICC tourney 2556 (25 5)"]
[Site "Internet Chess Club"]
[Date "2021.05.09"]
[Round "5"]
[White "SOMARAM, AKANKSHA:K05-17045572"]
[Black "CLARO, LUKE:K05-30079195"]
[Result "0-1"]
[ICCResult "White checkmated"]
[WhiteElo "333"]
[BlackElo "931"]
[Opening "Four knights: double Ruy Lopez"]
[ECO "C49"]
[NIC "KP.03"]
[Time "11:31:43"]
[PlyCount "74"]
[TimeControl "1500+5"]

1. e4 e5 2. Nf3 Nc6 3. Nc3 Nf6 4. Bb5 Bb4 5. O-O Bxc3 6. dxc3 Nxe4 7. Bxc6
dxc6 8. Nxe5 Qxd1 9. Rxd1 O-O 10. Re1 Bf5 11. Be3 f6 12. Nf3 Bg4 13. Nd4 c5
14. Ne2 Bxe2 15. Rxe2 Rae8 16. f3 Ng5 17. Rae1 Kf7 18. Bxg5 Rxe2 19. Rxe2
fxg5 20. Rf2 Rd8 21. h3 Rd1+ 22. Kh2 Rb1 23. f4 Rxb2 24. fxg5+ Kg6 25. h4
Rxa2 26. g4 h5 27. gxh5+ Kxh5 28. Rg2 Kxh4 29. g6 a5 30. Rf2 a4 31. Rf7
Rxc2+ 32. Kg1 Kg3 33. Kf1 a3 34. Rxg7 a2 35. Re7 a1=Q+ 36. Re1 Rf2+ 37. Kg1
Qxe1# { White checkmated } 0-1

[Event "ICC tourney 2556 (25 5)"]
[Site "Internet Chess Club"]
[Date "2021.05.09"]
[Round "5"]
[White "GOLANN, MATTHEW:K05-16609856"]
[Black "FUNG, JAYDEN:K05-16706456"]
[Result "0-1"]
[ICCResult "White checkmated"]
[WhiteElo "1057"]
[BlackElo "761"]
[Opening "Caro-Kann: exchange variation"]
[ECO "B13"]
[NIC "CK.02"]
[Time "11:30:41"]
[PlyCount "136"]
[TimeControl "1500+5"]

1. e4 c6 2. d4 d5 3. exd5 cxd5 4. Nf3 Nf6 5. Nc3 Bf5 6. Bf4 e6 7. Nb5 Na6
8. Nc3 Bb4 9. Bd2 O-O 10. Bxa6 bxa6 11. O-O Bxc3 12. bxc3 Ne4 13. Be1 Rc8
14. Ne5 Nxc3 15. Bxc3 Rxc3 16. Qe2 Rxc2 17. Qxa6 Rc7 18. Rac1 Qc8 19. Rc6
Rxc6 20. Qxc6 Qxc6 21. Nxc6 Kh8 22. Rc1 a6 23. Nb4 a5 24. Nc6 a4 25. Ne7
Bd3 26. Rc3 Bc4 27. a3 h6 28. Nc6 Rc8 29. Na5 Rb8 30. h3 Rb3 31. Nxb3 axb3
32. Rc1 Bd3 33. a4 b2 34. Rd1 b1=Q 35. Rxb1 Bxb1 36. a5 Bd3 37. f3 f5 38.
Kf2 g5 39. Ke3 Ba6 40. Kd2 Kg7 41. Kc3 Kf6 42. Kb4 e5 43. Kc5 exd4 44. Kxd4
Ke6 45. g3 h5 46. f4 gxf4 47. gxf4 Kd6 48. h4 Bb5 49. Ke3 Kc5 50. Kf3 Kd4
51. Kf2 Ke4 52. Kg3 d4 53. a6 Bxa6 54. Kf2 d3 55. Ke1 Kxf4 56. Kd2 Ke4 57.
Ke1 Ke3 58. Kd1 d2 59. Kc2 Bd3+ 60. Kd1 Bc2+ 61. Kxc2 Ke2 62. Kc3 f4 63.
Kd4 f3 64. Ke4 f2 65. Kf4 f1=Q+ 66. Kg3 d1=Q 67. Kh2 Qg1+ 68. Kh3 Qd3# {
White checkmated } 0-1

[Event "ICC tourney 2556 (25 5)"]
[Site "Internet Chess Club"]
[Date "2021.05.09"]
[Round "5"]
[White "SUNG, JASON:K05-16250294"]
[Black "MARADANA, HARSHA:K05-30024511"]
[Result "1-0"]
[ICCResult "Black resigns"]
[WhiteElo "802"]
[BlackElo "361"]
[Opening "Giuoco Piano: four knights variation"]
[ECO "C50"]
[NIC "IG.02"]
[Time "11:31:42"]
[PlyCount "77"]
[TimeControl "1500+5"]

1. e4 e5 2. Nf3 Nc6 3. Bc4 Bc5 4. Nc3 Nf6 5. O-O Nxe4 6. Nxe4 d5 7. Nxc5
dxc4 8. d4 exd4 9. Bf4 O-O 10. c3 dxc3 11. bxc3 Qxd1 12. Raxd1 Bf5 13. Bxc7
Rae8 14. Bd6 Ne7 15. Rd4 Rd8 16. Rfd1 Nc6 17. Bxf8 Nxd4 18. Nxd4 Rxf8 19.
Nxf5 g6 20. Ne7+ Kh8 21. Nd7 Rd8 22. g4 h5 23. gxh5 gxh5 24. Kg2 b5 25. Nc6
Rc8 26. Nxa7 Rg8+ 27. Kf1 Rd8 28. Nxb5 Kg7 29. a4 f5 30. Ke1 Re8+ 31. Kf1
f4 32. Nd6 Rd8 33. Nf5+ Kg6 34. Ne7+ Kg5 35. Rd5+ Kg4 36. Ne5+ Kh3 37. Rxd8
f3 38. Nxf3 h4 39. a5 { Black resigns } 1-0

[Event "ICC tourney 2556 (25 5)"]
[Site "Internet Chess Club"]
[Date "2021.05.09"]
[Round "5"]
[White "BIRD, BRIAN:K05-15768143"]
[Black "KONDABATHINI, NAMISH:K05-16992657"]
[Result "1-0"]
[ICCResult "Black checkmated"]
[WhiteElo "1530"]
[BlackElo "1076"]
[Opening "Nimzovich-Larsen attack: modern variation"]
[ECO "A01"]
[NIC "VO.08"]
[Time "11:31:53"]
[PlyCount "111"]
[TimeControl "1500+5"]

1. b3 e5 2. Bb2 Nc6 3. e3 d5 4. Bb5 Bd6 5. Nf3 f6 6. O-O Ne7 7. d4 e4 8.
Nfd2 O-O 9. Be2 Nf5 10. c4 Be6 11. cxd5 Bxd5 12. Nc3 Nce7 13. Ncxe4 Ng6 14.
Nxd6 Nxd6 15. Bc4 Bxc4 16. bxc4 f5 17. Ba3 Rf6 18. Qb3 Kh8 19. Bxd6 Rxd6
20. c5 Rf6 21. Qxb7 Rb8 22. Qxa7 Nh4 23. g3 Ng6 24. Rfb1 Ra8 25. Qb7 c6 26.
Qb6 Qd5 27. Qb3 Qd8 28. Nf3 f4 29. exf4 Ne7 30. Rb2 Nf5 31. Rab1 Rf8 32.
Qc4 h6 33. Ne5 Qc7 34. Ng6+ Kh7 35. Nxf8+ Rxf8 36. Rb7 Qc8 37. Qd3 Kh8 38.
Rb8 Qxb8 39. Rxb8 Rxb8 40. Qxf5 Ra8 41. Qe6 Rxa2 42. Qxc6 Ra1+ 43. Kg2 Rd1
44. d5 Rc1 45. d6 Rd1 46. d7 Rd2 47. Qc8+ Kh7 48. d8=Q Rxd8 49. Qxd8 Kg6
50. Qe7 Kh5 51. Qh4+ Kg6 52. Qxh6+ gxh6 53. c6 Kh5 54. c7 Kg4 55. c8=Q+ Kh5
56. Qf5# { Black checkmated } 1-0

[Event "ICC tourney 2556 (25 5)"]
[Site "Internet Chess Club"]
[Date "2021.05.09"]
[Round "5"]
[White "BHATT, DEV:K05-16675618"]
[Black "S MORGAN, LAKSHMI:K05-16867525"]
[Result "0-1"]
[ICCResult "White checkmated"]
[WhiteElo "883"]
[BlackElo "1108"]
[Opening "Tennison (Lemberg, Zukertort) gambit"]
[ECO "A06"]
[NIC "QP.09"]
[Time "11:32:20"]
[PlyCount "126"]
[TimeControl "1500+5"]

1. Nf3 d5 2. e4 dxe4 3. Ng5 Nf6 4. d3 h6 5. Nh3 Bg4 6. Be2 Bxe2 7. Qxe2
exd3 8. Qxd3 Qxd3 9. cxd3 Nc6 10. Nc3 O-O-O 11. O-O Rxd3 12. Be3 e6 13. Nf4
Rd8 14. Rad1 Bb4 15. Rxd8+ Rxd8 16. Nb5 a6 17. Na7+ Nxa7 18. Bxa7 b6 19. a3
Bd6 20. Nh3 Kb7 21. Bxb6 cxb6 22. Rd1 Bc7 23. Rxd8 Bxd8 24. Kf1 Bc7 25. Kg1
Be5 26. b4 Bb2 27. a4 Nd5 28. b5 axb5 29. axb5 Nc7 30. Nf4 Nxb5 31. Kf1 Be5
32. g3 Kc6 33. Ke2 Bxf4 34. gxf4 Kd5 35. Kd3 f6 36. f3 g6 37. h4 h5 38. Ke3
Nd6 39. Kd3 Nf5 40. Ke2 Nxh4 41. Kf2 Nf5 42. Kg2 e5 43. fxe5 Kxe5 44. Kf2
Kf4 45. Ke2 Nd4+ 46. Kf2 Nxf3 47. Ke2 b5 48. Kd3 h4 49. Kc3 h3 50. Kb4 h2
51. Kxb5 h1=Q 52. Kc5 Qc1+ 53. Kd6 Qe3 54. Kd5 Qe4+ 55. Kd6 g5 56. Kd7 g4
57. Kd6 g3 58. Kc5 g2 59. Kd6 g1=Q 60. Kd7 Qd1+ 61. Kc7 Qc4+ 62. Kb6 Qb1+
63. Ka5 Qca2# { White checkmated } 0-1

[Event "ICC tourney 2556 (25 5)"]
[Site "Internet Chess Club"]
[Date "2021.05.09"]
[Round "5"]
[White "BENJAMIN STIEGLITZ, RHYS:K05-16850181"]
[Black "SUAREZ, SEBASTIAN:K05-16875347"]
[Result "0-1"]
[ICCResult "White resigns"]
[WhiteElo "1014"]
[BlackElo "1414"]
[Opening "Scandinavian (center counter) defense"]
[ECO "B01"]
[NIC "SD.02"]
[Time "11:31:15"]
[PlyCount "44"]
[TimeControl "1500+5"]

1. e4 d5 2. exd5 Qxd5 3. Nc3 Qd8 4. d4 Nf6 5. Nf3 Bf5 6. Bd3 Bg6 7. Bf4 e6
8. Ne5 c6 9. Qe2 Bb4 10. O-O Qxd4 11. Bxg6 hxg6 12. Bd2 Nbd7 13. Nxd7 Qxd7
14. Rad1 Bd6 15. Bf4 Nd5 16. Nxd5 cxd5 17. Rxd5 Bxf4 18. Rxd7 Bxh2+ 19. Kh1
Kxd7 20. Rd1+ Ke7 21. Qe4 Rab8 22. Qb4+ Bd6+ { White resigns } 0-1

[Event "ICC tourney 2556 (25 5)"]
[Site "Internet Chess Club"]
[Date "2021.05.09"]
[Round "5"]
[White "WILSON, HANSEN:K05-16811481"]
[Black "RAJEEV, AMEYA:K05-16305755"]
[Result "0-1"]
[ICCResult "White checkmated"]
[WhiteElo "903"]
[BlackElo "1393"]
[Opening "Sicilian defense"]
[ECO "B32"]
[NIC "SI.31"]
[Time "11:31:43"]
[PlyCount "68"]
[TimeControl "1500+5"]

1. e4 c5 2. Nf3 Nc6 3. d4 cxd4 4. Bc4 g6 5. O-O Bg7 6. c3 dxc3 7. Nxc3 d6
8. Bf4 Nf6 9. e5 Nh5 10. Bg5 Nxe5 11. Nxe5 Bxe5 12. Re1 Qc7 13. Bh6 Qxc4
14. g4 Qxg4+ 15. Kf1 Qh3+ 16. Kg1 Bxh2+ 17. Kh1 Bg3+ 18. Kg1 Qh2+ 19. Kf1
Bh3+ 20. Ke2 Bg4+ 21. Ke3 Bxd1 22. Nxd1 Bf4+ 23. Bxf4 Qxf4+ 24. Kd3 O-O 25.
Rxe7 Qf3+ 26. Ne3 Nf4+ 27. Kd2 Qe2+ 28. Kc3 Rac8+ 29. Kb3 Qb5+ 30. Ka3 d5
31. Nc2 Qc5+ 32. Nb4 Qxe7 33. b3 Nd3 34. Rd1 Qxb4# { White checkmated } 0-1

[Event "ICC tourney 2556 (25 5)"]
[Site "Internet Chess Club"]
[Date "2021.05.09"]
[Round "5"]
[White "LUK, BENJAMIN:K05-16693856"]
[Black "JOHN DETTMER, JAMES:K05-17011887"]
[Result "1-0"]
[ICCResult "Black checkmated"]
[WhiteElo "600"]
[BlackElo "159"]
[Opening "Alekhine's defense"]
[ECO "B02"]
[NIC "AL.10"]
[Time "11:31:18"]
[PlyCount "81"]
[TimeControl "1500+5"]

1. e4 Nf6 2. Nc3 d6 3. Bc4 e5 4. Qf3 Bg4 5. Qg3 h5 6. Qh4 g5 7. Qxg5 Rg8 8.
Qe3 Nc6 9. Qd3 Na5 10. Nd5 Nxd5 11. Qxd5 Be6 12. Qb5+ Bd7 13. Qxa5 b6 14.
Qd5 Be6 15. Qc6+ Bd7 16. Qd5 Be6 17. Qd3 c6 18. Bxe6 b5 19. Qf3 fxe6 20.
Qxh5+ Ke7 21. Qh7+ Ke8 22. Qxg8 d5 23. d3 Qe7 24. Bg5 Qf7 25. Qh8 Qg7 26.
Qh5+ Qf7 27. Qh4 c5 28. exd5 exd5 29. Nf3 Qe6 30. Qh5+ Qf7 31. Qh4 Qe6 32.
O-O-O e4 33. dxe4 dxe4 34. Ng1 a5 35. Re1 Qg6 36. Rxe4+ Be7 37. Rxe7+ Kf8
38. Qh8+ Qg8 39. Qh6+ Qg7 40. Rxg7 Re8 41. Qh8# { Black checkmated } 1-0

[Event "ICC tourney 2556 (25 5)"]
[Site "Internet Chess Club"]
[Date "2021.05.09"]
[Round "5"]
[White "JAIN, KANISHK:K05-16575412"]
[Black "QIAO, MASON:K05-17196377"]
[Result "1-0"]
[ICCResult "Black checkmated"]
[WhiteElo "537"]
[BlackElo "957"]
[Opening "Petrov's defense"]
[ECO "C42"]
[NIC "RG.03"]
[Time "11:31:03"]
[PlyCount "67"]
[TimeControl "1500+5"]

1. e4 e5 2. Nf3 Nf6 3. Nxe5 Nc6 4. Nxc6 dxc6 5. d3 Bc5 6. Nc3 Ng4 7. Be3
Nxe3 8. fxe3 Bxe3 9. Qf3 Bd4 10. Be2 O-O 11. h4 Be6 12. h5 h6 13. Na4 b5
14. Nc3 f5 15. exf5 Rxf5 16. Qxc6 Bf2+ 17. Kd1 Bd4 18. Qxe6+ Kh8 19. Qxf5
Bxc3 20. bxc3 b4 21. cxb4 Qd4 22. Rb1 Rb8 23. Qe4 Qc3 24. Qc4 Qe5 25. Re1
a5 26. Bf3 Qd6 27. a3 axb4 28. Rxb4 Rf8 29. Qc6 Qg3 30. Re8 Rxe8 31. Qxe8+
Kh7 32. Be4+ g6 33. Qf7+ Kh8 34. Rb8# { Black checkmated } 1-0

[Event "ICC tourney 2556 (25 5)"]
[Site "Internet Chess Club"]
[Date "2021.05.09"]
[Round "5"]
[White "LIN, JULIAN:K05-15856697"]
[Black "PELES, ADAM:K05-15981861"]
[Result "1-0"]
[ICCResult "Black checkmated"]
[WhiteElo "1648"]
[BlackElo "1011"]
[Opening "Giuoco Piano"]
[ECO "C50"]
[NIC "IG.02"]
[Time "11:30:44"]
[PlyCount "79"]
[TimeControl "1500+5"]

1. e4 e5 2. Nf3 Nc6 3. Bc4 Bc5 4. Nc3 d6 5. d3 Bg4 6. h3 Bh5 7. O-O Nf6 8.
Nd5 Nxd5 9. Bxd5 Nd4 10. g4 Bg6 11. Nxd4 Bxd4 12. Qf3 Qh4 13. c3 Bb6 14.
Be3 O-O-O 15. Kh2 h5 16. g5 f6 17. Rg1 fxg5 18. Bxg5 Qxf2+ 19. Qxf2 Bxf2
20. Rg2 Rdf8 21. Be7 Rf3 22. Rxg6 Rxd3 23. Rxg7 c6 24. Be6+ Kb8 25. Rf1 Rf3
26. Bxd6+ Ka8 27. Kg2 Rhf8 28. Bxf8 Rxf8 29. Rxf2 Rd8 30. Rg8 Rxg8+ 31.
Bxg8 a6 32. Rf5 Ka7 33. Rxe5 Kb6 34. Rxh5 c5 35. e5 Kb5 36. b3 Ka5 37. e6
b6 38. e7 Kb5 39. e8=Q+ Ka5 40. b4# { Black checkmated } 1-0

[Event "ICC tourney 2556 (25 5)"]
[Site "Internet Chess Club"]
[Date "2021.05.09"]
[Round "5"]
[White "JIN, MICHAEL:K05-16010553"]
[Black "REDDY EDULAKANTI, RITHWIK:K05-16559920"]
[Result "0-1"]
[ICCResult "White checkmated"]
[WhiteElo "475"]
[BlackElo "1071"]
[Opening "QGD semi-Slav: 6.Bd3"]
[ECO "D46"]
[NIC "SL.01"]
[Time "11:32:33"]
[PlyCount "120"]
[TimeControl "1500+5"]

1. d4 d5 2. c4 c6 3. Nc3 Nf6 4. e3 Nbd7 5. Nf3 e6 6. Bd3 Nb6 7. cxd5 exd5
8. O-O Bd6 9. h3 O-O 10. Re1 Qc7 11. e4 dxe4 12. Nxe4 Nxe4 13. Bxe4 Be6 14.
a3 Bd5 15. Bxd5 Nxd5 16. Bd2 Rfe8 17. Rxe8+ Rxe8 18. Rc1 Nf4 19. b4 Ne2+
20. Kf1 Nxc1 21. Qxc1 Qe7 22. a4 Bxb4 23. Bxb4 Qxb4 24. Qd1 Qc4+ 25. Kg1 h6
26. Ne5 Qd5 27. Qf3 Qxf3 28. Nxf3 Re2 29. Kf1 Ra2 30. Ne5 Rxa4 31. Nf3 Ra5
32. Ke2 Rd5 33. Kd3 Kf8 34. Ne5 Ke7 35. f4 Ra5 36. Ke4 Ra2 37. g4 Rh2 38.
g5 hxg5 39. fxg5 Rxh3 40. Kf5 g6+ 41. Kg4 Rb3 42. Kf4 a5 43. Ke4 a4 44. Nd3
a3 45. Nc1 Rb2 46. Kd3 a2 47. Nxa2 Rxa2 48. Kc4 Ra5 49. Kb4 Rxg5 50. Kc4
Rf5 51. Kd3 g5 52. Ke4 Ke6 53. d5+ cxd5+ 54. Ke3 g4 55. Ke2 g3 56. Ke3 g2
57. Ke2 g1=Q 58. Kd2 Qg3 59. Ke2 Rf2+ 60. Ke1 Qg1# { White checkmated } 0-1

[Event "ICC tourney 2556 (25 5)"]
[Site "Internet Chess Club"]
[Date "2021.05.09"]
[Round "5"]
[White "WANG, YOURAN:K05-16488667"]
[Black "ROLDAN, JAIR:K05-16274148"]
[Result "1-0"]
[ICCResult "Black checkmated"]
[WhiteElo "1553"]
[BlackElo "965"]
[Opening "Sicilian: accelerated fianchetto, modern variation with Bc4"]
[ECO "B35"]
[NIC "SI.33"]
[Time "11:31:34"]
[PlyCount "41"]
[TimeControl "1500+5"]

1. e4 c5 2. Nf3 Nc6 3. d4 cxd4 4. Nxd4 g6 5. Be3 Bg7 6. Nc3 Nf6 7. Bc4 O-O
8. Bb3 d6 9. f3 Bd7 10. Qd2 Qc7 11. O-O-O Rad8 12. h4 h6 13. Nxc6 Bxc6 14.
Bxh6 a6 15. Bxg7 Kxg7 16. h5 Nxh5 17. Rxh5 gxh5 18. Qg5+ Kh8 19. Qxh5+ Kg7
20. Qg5+ Kh7 21. Rh1# { Black checkmated } 1-0

[Event "ICC tourney 2556 (25 5)"]
[Site "Internet Chess Club"]
[Date "2021.05.09"]
[Round "5"]
[White "NANDWA, EMMANUEL:K05-16412848"]
[Black "BUPESHNATH, ARJUN:K05-15891702"]
[Result "0-1"]
[ICCResult "White checkmated"]
[WhiteElo "667"]
[BlackElo "1035"]
[Opening "Four knights: Italian variation"]
[ECO "C47"]
[NIC "KP.06"]
[Time "11:32:22"]
[PlyCount "60"]
[TimeControl "1500+5"]

1. e4 e5 2. Nf3 Nc6 3. Nc3 Nf6 4. Bc4 Be7 5. d3 d6 6. Bg5 Bg4 7. h3 Bh5 8.
O-O Nd4 9. Nxd4 Bxd1 10. Raxd1 exd4 11. Ne2 c5 12. b4 O-O 13. bxc5 dxc5 14.
Nf4 Nd7 15. Bxe7 Qxe7 16. Nd5 Qd6 17. Rb1 b6 18. f4 Kh8 19. e5 Nxe5 20.
fxe5 Qxe5 21. Rbe1 Qg5 22. Kh2 Rae8 23. Rxe8 Rxe8 24. Rxf7 h6 25. c3 dxc3
26. Nxc3 Qe5+ 27. Kh1 Qxc3 28. Rxa7 Re1+ 29. Kh2 Qe5+ 30. g3 Qe2# { White
checkmated } 0-1

[Event "ICC tourney 2556 (25 5)"]
[Site "Internet Chess Club"]
[Date "2021.05.09"]
[Round "5"]
[White "MCGRORY, HARRY:K05-16885873"]
[Black "STEPHEN CAMERON, KYLE:K05-16158046"]
[Result "0-1"]
[ICCResult "White checkmated"]
[WhiteElo "474"]
[BlackElo "1144"]
[Opening "Four knights: Italian variation"]
[ECO "C47"]
[NIC "KP.06"]
[Time "11:32:35"]
[PlyCount "60"]
[TimeControl "1500+5"]

1. e4 e5 2. Nf3 Nc6 3. Nc3 Nf6 4. Bc4 Nxe4 5. Nxe4 d5 6. Bd3 dxe4 7. Bxe4
Bg4 8. O-O Nd4 9. c3 Nc6 10. Qc2 f6 11. Bg6+ Ke7 12. Be4 h5 13. d3 f5 14.
Bxc6 bxc6 15. d4 e4 16. Ng5 Ke8 17. Qb3 Qd5 18. c4 Qxd4 19. Be3 Qf6 20. Qb7
Rd8 21. Qxc7 h4 22. h3 Bxh3 23. gxh3 Rh5 24. f4 g6 25. Kh1 Bh6 26. Rg1 Bxg5
27. fxg5 Qd6 28. Qg7 Qe6 29. Qc7 f4 30. Bxa7 Qxh3# { White checkmated } 0-1

[Event "ICC tourney 2556 (25 5)"]
[Site "Internet Chess Club"]
[Date "2021.05.09"]
[Round "5"]
[White "JOSHI, AARAV:K05-30026655"]
[Black "ZIANG FENG, STEVEN:K05-16388220"]
[Result "1-0"]
[ICCResult "Black checkmated"]
[WhiteElo "834"]
[BlackElo "1428"]
[Opening "King's Indian: fianchetto with ...Nd7"]
[ECO "E67"]
[NIC "KI.80"]
[Time "11:30:21"]
[PlyCount "135"]
[TimeControl "1500+5"]

1. d4 Nf6 2. c4 g6 3. g3 Bg7 4. Bg2 O-O 5. Nf3 d6 6. Nc3 Nbd7 7. O-O c5 8.
d5 b6 9. Nd2 Bb7 10. Nde4 Nxe4 11. Nxe4 Ne5 12. b3 f5 13. Ng5 Bc8 14. Rb1
h6 15. Nf3 g5 16. Nxe5 Bxe5 17. Bb2 Bxb2 18. Rxb2 Bd7 19. e4 fxe4 20. Bxe4
Bf5 21. Qd3 Qd7 22. f4 Bxe4 23. Qxe4 Rf5 24. Rbf2 Raf8 25. fxg5 Rxf2 26.
Rxf2 Rxf2 27. Kxf2 hxg5 28. Qg6+ Kf8 29. Qxg5 Qe8 30. h4 Qf7+ 31. Kg2 Qf6
32. Qxf6+ exf6 33. Kf3 Kg7 34. Kf4 Kg6 35. g4 Kh6 36. g5+ fxg5+ 37. hxg5+
Kg6 38. Kg4 a6 39. a4 a5 40. Kf4 Kf7 41. Kf5 Kg7 42. g6 Kf8 43. Ke6 Kg7 44.
Kxd6 Kxg6 45. Ke6 Kg7 46. d6 Kf8 47. Kd7 Kf7 48. Kc7 Ke8 49. d7+ Ke7 50.
d8=Q+ Ke6 51. Qd7+ Ke5 52. Kc6 Ke4 53. Qd6 Ke3 54. Qd5 Kf4 55. Qe6 Kf3 56.
Qe5 Kg4 57. Qf6 Kg3 58. Qf5 Kg2 59. Qf4 Kg1 60. Qf3 Kh2 61. Qg4 Kh1 62. Kd5
b5 63. cxb5 c4 64. bxc4 Kh2 65. b6 Kh1 66. b7 Kh2 67. b8=Q+ Kh1 68. Qh8# {
Black checkmated } 1-0

[Event "ICC tourney 2556 (25 5)"]
[Site "Internet Chess Club"]
[Date "2021.05.09"]
[Round "5"]
[White "YANG, ANGIE:K05-16341612"]
[Black "DAS, AISHANI:K05-17316275"]
[Result "1/2-1/2"]
[ICCResult "Black stalemated"]
[WhiteElo "932"]
[BlackElo "469"]
[Opening "French: advance variation"]
[ECO "C02"]
[NIC "FR.03"]
[Time "11:31:07"]
[PlyCount "85"]
[TimeControl "1500+5"]

1. e4 e6 2. d4 d5 3. e5 c5 4. c3 Qb6 5. Nf3 Nc6 6. Be2 cxd4 7. cxd4 Nh6 8.
Nc3 Nf5 9. Na4 Qa5+ 10. Bd2 Bb4 11. Bc3 Bxc3+ 12. bxc3 b5 13. Nc5 Qxc3+ 14.
Nd2 Ncxd4 15. Rc1 Qb4 16. O-O O-O 17. Nd3 Qe7 18. Nf3 Nxf3+ 19. Bxf3 Qg5
20. Ne1 Nh4 21. g3 f6 22. exf6 Rxf6 23. Rc3 e5 24. Qxd5+ Be6 25. Qxa8+ Kf7
26. Rc7+ Kg6 27. Qe8+ Kh6 28. Qh5+ Qxh5 29. Bxh5 Kxh5 30. gxh4 Rg6+ 31. Ng2
Bd5 32. f3 Bc4 33. Re1 Bd5 34. Rxe5+ Kh6 35. Rxd5 Rf6 36. f4 Kg6 37. Rg5+
Kh6 38. Rcxg7 a5 39. Ra7 a4 40. a3 b4 41. axb4 a3 42. Rxa3 Rxf4 43. Nxf4 {
Black stalemated } 1/2-1/2

[Event "ICC tourney 2556 (25 5)"]
[Site "Internet Chess Club"]
[Date "2021.05.09"]
[Round "5"]
[White "SRIVASTAVA KHARE, AVNI:K05-16824142"]
[Black "LI, VINCENT:K05-30054009"]
[Result "1-0"]
[ICCResult "Black checkmated"]
[WhiteElo "780"]
[BlackElo "419"]
[Opening "Scotch opening"]
[ECO "C44"]
[NIC "KP.10"]
[Time "11:30:50"]
[PlyCount "53"]
[TimeControl "1500+5"]

1. e4 e5 2. Nf3 Nc6 3. d4 Bb4+ 4. Nc3 Bxc3+ 5. bxc3 exd4 6. cxd4 Nf6 7. Bd3
O-O 8. O-O d6 9. Bg5 h6 10. Bh4 Bg4 11. c3 g5 12. Bg3 Re8 13. Re1 b6 14. h4
gxh4 15. Bxh4 a5 16. Bb5 Na7 17. Bxe8 Qxe8 18. Bxf6 Qe6 19. e5 Nb5 20. Qd3
dxe5 21. dxe5 Bf5 22. Qxb5 c6 23. Qxb6 Qc8 24. Qe3 Qe6 25. Qxh6 Qxf6 26.
exf6 a4 27. Qg7# { Black checkmated } 1-0

[Event "ICC tourney 2556 (25 5)"]
[Site "Internet Chess Club"]
[Date "2021.05.09"]
[Round "5"]
[White "KATRAGADDA, SATVIK:K05-30033149"]
[Black "VELLORE, INAY:K05-15913368"]
[Result "0-1"]
[ICCResult "White checkmated"]
[WhiteElo "1070"]
[BlackElo "1427"]
[Opening "Caro-Kann defense"]
[ECO "B10"]
[NIC "CK.01"]
[Time "11:30:45"]
[PlyCount "78"]
[TimeControl "1500+5"]

1. e4 c6 2. Qh5 Nf6 3. Qf3 d5 4. exd5 Nxd5 5. Bc4 e6 6. d3 Bc5 7. Qf4 Nxf4
8. Bxf4 O-O 9. Nf3 Qb6 10. Rf1 Qxb2 11. Be5 Qc1+ 12. Ke2 Qxc2+ 13. Nbd2 Ba3
14. Rh1 Qa4 15. h4 Nd7 16. Bd4 c5 17. Bc3 b5 18. Bb3 Qa6 19. h5 b4 20. Bc4
Qd6 21. Ne4 Qc7 22. Bd2 Ne5 23. Nxe5 Qxe5 24. f4 Qf5 25. Ng3 Qg4+ 26. Kf2
Bb7 27. d4 Bb2 28. Rab1 Bxd4+ 29. Be3 Bxe3+ 30. Kxe3 Qxg3+ 31. Kd2 Rad8+
32. Ke2 Qxg2+ 33. Ke1 Qd2+ 34. Kf1 Qxf4+ 35. Ke2 Bf3+ 36. Kf2 Rd2+ 37. Kf1
Bxh1+ 38. Kg1 Qf2+ 39. Kxh1 Qg2# { White checkmated } 0-1